 Dungeon Crawl Stone Soup version 0.30-a0-166-g5d06c95188 (webtiles) character file.

Game seed: 5236894327002516488

33 Malachi the Ruffian (level 3, 36/36 HPs)
             Began as a Troll Monk on Sept 29, 2022.
             Was a Believer of Nemelex Xobeh.
             Got out of the dungeon alive.
             The game lasted 00:00:43 (400 turns).

Malachi the Ruffian (Troll Monk)                     Turns: 400, Time: 00:00:44

Health: 36/36      AC:  4    Str: 21    XL:     3   Next: 12%
Magic:  2/2        EV: 10    Int:  6    God:    Nemelex Xobeh [**....]
Gold:   43         SH:  0    Dex: 12    Spells: 2/2 levels left

rFire   . . .      SeeInvis .      - Unarmed
rCold   . . .      Faith    .    (no shield)
rNeg    . . .      Spirit   .    a - +0 robe
rPois   +          Reflect  .    (helmet restricted)
rElec   .          Harm     .    (no cloak)
rCorr   .          Rampage  .    (gloves unavailable)
Will    .....                    (boots unavailable)
Stlth   ++........               (no amulet)
HPRegen 0.92/turn                c - ring of poison resistance
MPRegen 0.08/turn                (no ring)

@: no status effects
A: large, unfitting armour, claws 3, regeneration 1, shaggy fur 1, tough skin 1
a: Renounce Religion, Draw Escape, Draw Destruction, Draw Summoning


You escaped.
You worshipped Nemelex Xobeh.
Nemelex Xobeh was pleased with you.
You visited 1 branch of the dungeon, and saw 1 of its levels.

You collected 43 gold pieces.

Inventory:

Armour
 a - a +0 robe (worn)
Jewellery
 c - a ring of poison resistance (left claw)
Scrolls
 e - a scroll of identify {unknown}
 f - a scroll of fear {unknown}
 g - a scroll of butterflies {unknown}
 h - a scroll of enchant weapon {unknown}
Potions
 b - a potion of ambrosia
 d - a potion of brilliance {unknown}
 i - a potion of lignification {unknown}


   Skills:
 - Level 2.4 Fighting
 - Level 2.4 Dodging
 - Level 1.0 Stealth
 + Level 4.3 Unarmed Combat


You had 2 spell levels left.
You didn't know any spells.
Your spell library was empty.

Dungeon Overview and Level Annotations

Branches:
Dungeon (1/15)

Altars:
Nemelex Xobeh


Innate Abilities, Weirdness & Mutations

You are too large for most types of armour.
You have claws for hands.
Your natural rate of healing is unusually fast.
You are covered in fur. (AC +1)
You have tough skin. (AC +1)


Message History

No target in view!
No target in view!
No target in view!
No target in view!
No target in view!
No target in view!
h - a scroll labelled QUFRISIUMESA
There is a faded altar of an unknown god here.
This altar belongs to (a) Dithmenos, (b) Nemelex Xobeh or (c) Lugonu, but you can't tell which.
Press the corresponding letter to learn more about a god, or press enter to convert or escape to cancel.
Nemelex Xobeh accepts your prayer! Nemelex Xobeh welcomes you!
Nemelex will now gift you decks of power as you gain piety.
Nemelex Xobeh deals you some cards!
You now have 3 escape cards, 5 destruction cards and 1 summoning card.
You can now draw from decks of power.
Found 6 stones.
i - a murky brown potion
Found a ring mail.
A goblin comes into view. It is wielding a +0 dagger.
The goblin shouts!
A goblin is nearby!
The goblin misses you.
You claw the goblin!
You kill the goblin!
No target in view!
No target in view!
No target in view!
No target in view!
No target in view!
No target in view!
No target in view!
No target in view!
No target in view!
No target in view!
No target in view!
You see here a +0 dagger.
There is an open door here.
There is a staircase leading out of the dungeon here.
Are you sure you want to leave the Dungeon?
This will make you lose the game!
You have escaped!

.......##....#...#### #......
........#.#.....##### ......
##.#.#....##..#.....# .#####
....(..#..###.#.###.# .#
#......#.####.#########
.......#.##...#.......####
............###........+.#
............# #.......##.#
#..........####.@.###>##.#####
##.#..........#.......##.....#
#..........#.#........'.....#
#............#.......##.....#
###.........#.##########.....#
.........................รท...#
###.........#.##.............#
............#................#
####...###...................#


There were no monsters in sight!

Vanquished Creatures
  2 dart slugs (D:1)
  3 bats (D:1)
  An endoplasm (D:1)
  A giant cockroach (D:1)
  A hobgoblin (D:1)
  3 jackals (D:1)
  3 quokkas (D:1)
  2 ball pythons (D:1)
  A frilled lizard (D:1)
  3 goblins (D:1)
  2 kobolds (D:1)
  6 rats (D:1)
28 creatures vanquished.

Notes
Turn   | Place    | Note
-------+----------+-------------------------------------------
     0 | D:1      | Malachi the Troll Monk began the quest for the Orb.
     0 | D:1      | Reached XP level 1. HP: 22/22 MP: 0/0
    77 | D:1      | Reached XP level 2. HP: 29/29 MP: 1/1
   163 | D:1      | Reached skill level 4 in Unarmed Combat
   277 | D:1      | Found a faded altar of an unknown god.
   299 | D:1      | Reached XP level 3. HP: 36/36 MP: 2/2
   319 | D:1      | Prayed at the altar of an unknown god.
   319 | D:1      | Became a worshipper of Nemelex Xobeh the Trickster
   319 | D:1      | Reached * piety under Nemelex Xobeh
   319 | D:1      | Received a gift from Nemelex Xobeh
   319 | D:1      | Reached ** piety under Nemelex Xobeh
   400 | D:$      | Got out of the dungeon alive.

Illustrated notes

Levels and vault maps discovered:
D:1:      heliophobic_arrival_battle_scene, layout_rooms,
          chequers_ecumenical_altar_simple, minmay_box_of_dots

Skill      XL: |  1  2 |
---------------+-------+-----
Unarmed Combat | 4 |  4.3
Fighting       | |  2.4
Dodging        | |  2.4
Stealth        | |  1.0

Action                   || total
-------------------------++-------
Melee: Unarmed           ||    70
       Punch             ||     2
Armor: Robe              ||    34
Dodge: Dodged            ||    57

Table legend: (Time is in decaauts)
 A = Elapsed time spent in this place.
 B = Non-inter-level travel time spent in this place.
 C = Inter-level travel time spent in this place.
 D = Time resting spent in this place.
 E = Time spent auto-exploring this place.
 F = Levels seen in this place.
 G = Mean time per level.
                   A        B        C        D        E       F      G
               +--------+--------+--------+--------+--------+-----+--------+
         Total |    394 |    344 |     50 |      0 |    192 |   1 |  394.0 |
       Dungeon |    394 |    344 |     50 |      0 |    192 |   1 |  394.0 |
               +--------+--------+--------+--------+--------+-----+--------+

Top non-repeatable levels by time:
     D:1: 394 daAuts
